AoeStats
← 1980195387

Arena

510262965Analyzed
2v2 RM · 13h ago on Sep 30, 2026· 42m 49s· 4 players
Game mode
Random Map
Map size
Medium (4 player)
Population
200
Speed
Normal
Resources
Standard
Victory
Conquest
Starting age
Dark Age
Ending age
Imperial Age
RankedLock teamsTeams togetherTeam positionsShared explorationLock speedFull tech treeHidden civsTurbo modeCheats
Victory
Defeat
🇨🇴 Chinese · Colombia
572
+13
🇨🇳 Khmer · China
380
+21
🇮🇳 Bohemians · India
511
-18
🇳🇱 Turks · Netherlands
469
-16
mace.windu1310
12:19 Feudal Age
10:34 Loom
16:58 Castle Age
14:46 Horse Collar
15:27 Double-Bit Axe
18:53 Wheelbarrow
20:21 Town Watch
22:17 Hand Cart
23:14 Chemistry
25:11 Squires
24:57 Arson
24:33 Pikeman
25:40 Padded Archer Armor
26:02 Heavy Plow
26:57 Leather Archer Armor
28:36 Ballistics
30:14 Murder Holes
31:48 Caravan
33:02 Bow Saw
36:17 Imperial Age
36:13 Forging
37:00 Fortified Wall
36:19 Elite Hussite Wagon
36:26 Elite Hussite Wagon
37:15 Wagenburg Tactics
39:02 Houfnice
Nony042
0:37 Loom
11:37 Feudal Age
15:16 Horse Collar
15:27 Double-Bit Axe
17:02 Gold Mining
20:25 Castle Age
19:18 Stone Mining
20:57 Wheelbarrow
25:22 Bow Saw
26:08 Heavy Plow
31:13 Forging
30:54 Fletching
31:05 Padded Archer Armor
31:29 Murder Holes
31:56 Ballistics
31:29 Heated Shot
31:20 Treadmill Crane
31:51 Masonry
34:56 Imperial Age
33:54 Hand Cart
33:25 Town Watch
35:13 Leather Archer Armor
34:54 Bodkin Arrow
34:52 Crossbowman
37:08 Ring Archer Armor
36:39 Bracer
37:15 Iron Casting
37:00 Fortified Wall
38:22 Architecture
37:38 Arrowslits
38:32 Town Patrol
41:19 Blast Furnace
1980195387
12:30 Feudal Age
15:44 Castle Age
14:18 Double-Bit Axe
15:19 Wheelbarrow
14:31 Horse Collar
17:05 Bow Saw
17:16 Heavy Plow
24:42 Gold Mining
24:42 Stone Mining
25:25 Hand Cart
26:20 Gold Shaft Mining
30:10 Imperial Age
27:36 Loom
27:46 Loom
30:55 Stone Shaft Mining
30:28 Scale Mail Armor
30:38 Forging
30:30 Padded Archer Armor
30:37 Scale Barding Armor
30:37 Fletching
31:32 Conscription
31:34 Bloodlines
31:25 Husbandry
32:38 Crop Rotation
31:51 Elite Battle Elephant
32:55 Tusk Swords
32:58 Double Crossbow
34:52 Hoardings
34:02 Heavy Scorpion
37:56 Chain Barding Armor
37:32 Bodkin Arrow
37:53 Leather Archer Armor
38:17 Iron Casting
39:33 Bracer
39:49 Leather Archer Armor
40:10 Plate Barding Armor
39:52 Chain Mail Armor
SapKill
0:59 Loom
13:53 Feudal Age
14:54 Horse Collar
15:20 Double-Bit Axe
17:33 Wheelbarrow
16:38 Man-at-Arms
18:13 Arson
24:40 Castle Age
23:43 Gold Mining
23:44 Stone Mining
24:00 Stone Mining
27:41 Squires
30:12 Gold Shaft Mining
32:25 Imperial Age
30:15 Hand Cart
30:16 Bow Saw
30:13 Heavy Plow
34:11 Chemistry
33:32 Ballistics
35:04 Two-Man Saw
36:09 Conscription
36:21 Heavy Rocket Cart
39:28 Rocketry
39:26 Padded Archer Armor
39:40 Forging
39:21 Fletching
39:32 Scale Mail Armor
Connection lost

Rejoining the realm…

Still unreachable

The connection could not be restored.

Session expired

The server has moved on; the page needs a fresh start.